Description

Replay - PtitDrogo v Serral: Game 1 - Ascension to Aiur LE

Build Order

Get SALT Encoding   

  12  0:00  Drone  
  13  0:12  Overlord  
  13  0:17  Drone  
  14  0:30  Drone x3  
  17  0:51  Hatchery  
  17  0:55  Drone x2  
  18  1:09  Extractor  
  17  1:13  Spawning Pool  
  17  1:15  Drone x2  
  18  1:28  Drone  
  19  1:38  Overlord  
  20  1:59  Queen x2  
  20  2:00  Zergling x2  
  26  2:08  Metabolic Boost  
  28  2:22  Zergling x2  
  29  2:36  Hatchery  
  32  2:50  Queen  
  33  2:55  Overlord  
  35  3:06  Overlord  
  36  3:17  Zergling x2  
  40  3:23  Overlord  
  46  3:42  Roach Warren, Lair  
  46  3:50  Extractor  
  57  4:20  Spore Crawler  
  57  4:23  Roach x4  
  64  4:28  Spore Crawler  
  63  4:32  Roach x2  
  63  4:34  Queen  
  63  4:38  Extractor  
  68  4:40  Overseer  
  68  4:43  Roach x2  
  72  4:46  Zergling x4  
  72  4:51  Overseer  
  74  5:05  Evolution Chamber  
  78  5:17  Roach x2  
  85  5:22  Extractor  
  89  5:39  Zerg Melee Weapons Level 1  
  92  5:56  Baneling Nest, Hydralisk Den  
  97  6:06  Extractor x2  
  98  6:20  Hatchery  
  97  6:28  Hydralisk x4, Muscular Augments  
  97  6:29  Zergling x8  
  108  6:42  Centrifical Hooks  
  108  6:43  Hydralisk x2  
  112  6:54  Hatchery  
  112  6:55  Hydralisk x3  
  118  7:11  Hydralisk  
  137  7:30  Zergling x2  
  150  7:47  Glial Reconstitution  
  157  8:00  Baneling x10  
  164  8:07  Queen  
  170  8:13  Hatchery  
  175  8:21  Zerg Melee Weapons Level 2  
  186  8:51  Hatchery  
  186  8:58  Queen  
  191  9:04  Infestation Pit  
Spawning Tool Build Advisor. Get it on Overwolf

Go to:

Details

  • Created by: zw
  • Published on: Aug 14, 2017
  • Modified on: Aug 14, 2017
  • Patch: 3.8.0
Show
View Real Time Build Order
Export as new Build Order

Comments (0)

There are no comments. Be the first!

Create an account to comment!